 Dungeon Crawl Stone Soup version 0.27-a0-1219-g958d993ae5 (webtiles) character file.

Game seed: 13252975920147446518

2659 iamoutofideas the Thaumaturge (level 9, -6/63 HPs)
             Began as a Djinni Fire Elementalist on June 6, 2021.
             Was a Follower of Makhleb.
             Shot with an arrow by a centaur (9 damage)
             ... on level 7 of the Dungeon.
             The game lasted 00:21:02 (10434 turns).

iamoutofideas the Thaumaturge (DjFE)               Turns: 10434, Time: 00:21:03

Health: -6/63      AC:  3    Str:  9    XL:     9   Next: 94%
Gold:   353        EV: 14    Int: 20    God:    Makhleb [*.....] SH:  0 Dex: 14

rFire    + + .     SeeInvis .   (no weapon)
rCold    x . .     Faith    .   (no shield)
rNeg     . . .     Spirit   .   a - +0 robe
rPois    ∞         Reflect  .   n - +0 helmet
rElec    .         Harm     .   (no cloak)
rCorr    .         Rampage  .   (no gloves)
Will     .....                  (boots unavailable)
Stlth    ++........             (no amulet)
HPRegen  0.20/turn              (no ring)
MPRegen  0.00/turn              (no ring)

@: flying
A: sickness immunity, fire resistance 2, cold vulnerability 1, float, innate
caster, hp casting, extra vitality 1, sense surroundings 1, strong 1
a: Renounce Religion


You were on level 7 of the Dungeon.
You worshipped Makhleb.
Makhleb was aware of your devotion.
You visited 2 branches of the dungeon, and saw 8 of its levels.

You collected 353 gold pieces.

Inventory:

Hand Weapons
 g - a +0 hand axe of electrocution
 k - a +2 dagger of venom
Missiles
 c - 129 stones
 e - 4 atropa-tipped darts
Armour
 a - a +0 robe (worn)
 n - a +0 helmet (worn)
Magical Staves
 q - a staff of death
Wands
 b - a wand of polymorph (3)
 o - a wand of mindburst (31)
Scrolls
 d - a scroll of acquirement {unknown}
 h - 3 scrolls of identify
 i - 3 scrolls of magic mapping
 l - 2 scrolls of enchant armour
 m - a scroll of amnesia {unknown}
 p - a scroll of blinking {unknown}
Potions
 f - 2 potions of might
 j - a potion of degeneration {unknown}
 s - 2 potions of lignification {unknown}
 t - a potion of brilliance {unknown}
 u - a potion of cancellation {unknown}


   Skills:
 * Level 4.3 Fighting
 + Level 0.1 Staves
 + Level 5.1 Dodging
 - Level 1.6 Stealth
 * Level 9.0 Spellcasting


You had 2 spell levels left.
You knew the following spells:

 Your Spells              Type           Power      Damage    Failure   Level
a - Foxfire               Conj/Fire      100%       2x1d9     1%          1
b - Conjure Flame         Conj/Fire      45%        6-21      1%          3
c - Inner Flame           Hex/Fire       45%        N/A       1%          3
d - Sticky Flame          Conj/Fire      45%        2d6       1%          4
e - Fireball              Conj/Fire      22%        3d10      5%          5
f - Sandblast             Erth           90%        2d19      1%          1
g - Corpse Rot            Necr/Air       N/A        N/A       1%          2
h - Poisonous Vapours     Pois/Air       90%        N/A       1%          2
i - Ignite Poison         Fire/Tmut/Pois 45%        N/A       1%          3
Your spell library was empty.

Dungeon Overview and Level Annotations

Branches:
Dungeon (7/15)             Temple (1/1) D:6

Altars:
Ashenzari
Cheibriados
Dithmenos
Elyvilon
Fedhas
Gozag
Hepliaklqana
Kikubaaqudgha
Makhleb
Nemelex Xobeh
Qazlal
Ru
Sif Muna
Trog
Uskayaw
Vehumet
Wu Jian
Xom
Zin
The Shining One

Annotations:
D:2 exclusion: downstairs
D:5 exclusion: 2 downstairs
D:6 exclusion: statue


Innate Abilities, Weirdness & Mutations

You are immune to sickness and miasma.
You are immune to poison.
Your flesh is very heat resistant. (rF++)
You are vulnerable to cold. (rC-)
You float through the air rather than walking.
You learn spells naturally, not from books.
Your magical power is your life essence.
You have superior vitality. (+4 HP)
You passively map a small area around you.
Your muscles are strong. (Str +2)


Message History

Confirm with . or Enter, or press ? or * to list all spells.
You conjure some foxfire!
The bullfrog hits you. x2
Casting: Foxfire (safe; 1% risk of failure)
Confirm with . or Enter, or press ? or * to list all spells.
You conjure some foxfire!
The foxfire hits the bullfrog.
The bullfrog is heavily wounded.
The foxfire hits the bullfrog.
The bullfrog is severely wounded.
The bullfrog barely misses you.
Casting: Foxfire (safe; 1% risk of failure)
Confirm with . or Enter, or press ? or * to list all spells.
You conjure some foxfire!
The foxfire hits the bullfrog!
You kill the bullfrog!
Makhleb accepts your kill.
Your Spellcasting skill increases to level 9!
Unknown command.
Your foxfire dissipates! x2
There is a stone staircase leading down here.
Your foxfire dissipates!
A centaur comes into view.
The centaur wields a +0 shortbow.
The centaur shoots an arrow.
The arrow hits you!
The centaur shoots an arrow.
The arrow hits you!
You see here 19 gold pieces.
The centaur shoots an arrow.
The arrow hits you.
* * * LOW HITPOINT WARNING * * *
You see here a potion of curing.
Casting: Foxfire (safe; 1% risk of failure)
Confirm with . or Enter, or press ? or * to list all spells.
You conjure some foxfire!
* * * LOW HITPOINT WARNING * * *
The centaur shoots an arrow.
The arrow hits you!
* * * LOW HITPOINT WARNING * * *
The centaur shoots an arrow.
The arrow closely misses you.
Okay, then.
As you read the scroll of fog, it crumbles to dust.
The scroll dissolves into smoke.
The foxfire hits the centaur.
The centaur is lightly wounded.
Your foxfire dissipates!
The centaur shoots an arrow.
The arrow hits you!
You die...

#................. ,
#............§....
*####..........§.§.. , **
* ..........##.§.c§# * #
, ##>....#§.§..## . * *
##......§§§§...## # *
#.......§§§$....# ##
#.......§§§§....#
.########.......@.§.§...#
.)......#..........>....#
).......#.........>.....#
........#.............$.#
........##.............##
.......####...........##
#####...#######..######*
#.#......#.........
#.######...........


You could see a centaur.

Vanquished Creatures
  A two-headed ogre (D:7)
  A hornet (D:7)
  Menkaure (D:6)
  2 water moccasins (D:6)
  An ice beast (D:6)
  2 necrophages (D:6)
  A black bear (D:6)
  2 bullfrogs (D:7)
  Blork the orc (D:6)
  3 wights (D:6)
  2 bullfrog zombies (D:6)
  A centaur zombie (D:3)
  A human zombie (D:6)
  A centaur skeleton (D:5)
  2 jellies (D:6)
  3 hounds
  4 iguanas
  An orc priest (D:6)
  A bullfrog skeleton (D:6)
  Ijyb (D:5)
  4 orc wizards
  A killer bee zombie (D:6)
  A hound skeleton (D:4)
  3 mummies (D:6)
  Robin (D:3)
  6 adders
  3 ufetubi
  An adder zombie (D:3)
  2 worms
  A dart slug (D:2)
  15 orcs
  4 ball pythons
  4 endoplasms
  5 giant cockroaches
  11 goblins
  13 hobgoblins
  4 quokkas
  3 bats
  2 frilled lizards (D:2)
  8 kobolds
  A quokka zombie (D:3)
  7 rats
132 creatures vanquished.

Vanquished Creatures (collateral kills)
  8 foxfires (D:2)
8 creatures vanquished.

Vanquished Creatures (others)
  448 foxfires
448 creatures vanquished.

Grand Total: 588 creatures vanquished

Notes
Turn   | Place    | Note
-------+----------+-------------------------------------------
     0 | D:1      | iamoutofideas the Djinni Fire Elementalist began the quest
                  | for the Orb.
     0 | D:1      | Reached XP level 1. HP: 15/15 MP: 0/0
   230 | D:1      | Reached XP level 2. HP: 18/21 MP: 0/0
   899 | D:1      | Found a faded altar of an unknown god.
  1150 | D:2      | Reached skill level 3 in Spellcasting
  1282 | D:2      | Reached XP level 3. HP: 25/26 MP: 0/0
  1282 | D:2      | Learned a level 1 spell: Sandblast
  2263 | D:2      | Reached XP level 4. HP: 28/31 MP: 0/0
  2378 | D:2      | Reached skill level 1 in Fighting
  2900 | D:3      | Reached XP level 5. HP: 30/37 MP: 0/0
  2900 | D:3      | Learned a level 2 spell: Corpse Rot
  3167 | D:3      | Reached skill level 4 in Spellcasting
  3515 | D:3      | Found a glowing silver altar of Zin.
  3551 | D:3      | You are sucked into a shaft and drop 1 floor!
  3590 | D:4      | Found a sacrificial altar of Ru.
  3670 | D:4      | Reached XP level 6. HP: 42/43 MP: 0/0
  3766 | D:4      | Noticed Robin
  4227 | D:3      | Killed Robin
  5217 | D:5      | Entered Level 5 of the Dungeon
  5225 | D:5      | Found a hazy altar of Hepliaklqana.
  5464 | D:5      | Reached XP level 7. HP: 40/49 MP: 0/0
  5464 | D:5      | Learned a level 2 spell: Poisonous Vapours
  5588 | D:5      | Reached skill level 5 in Spellcasting
  5993 | D:5      | Noticed Ijyb
  6008 | D:5      | Paralysed by Ijyb for 2 turns
  6010 | D:5      | Killed Ijyb
  6317 | D:6      | Found a staircase to the Ecumenical Temple.
  6343 | D:6      | Noticed Menkaure
  6350 | Temple   | Entered the Ecumenical Temple
  6500 | Temple   | Became a worshipper of Makhleb the Destroyer
  6509 | Temple   | Gained mutation: You passively map a small area around you.
                  | [potion of mutation]
  6509 | Temple   | Gained mutation: Your muscles are strong. (Str +2) [potion
                  | of mutation]
  6657 | D:6      | Noticed Blork the orc
  6860 | D:6      | Noticed a water moccasin
  7187 | D:6      | Killed Blork the orc
  7206 | D:6      | Found a shimmering altar of Xom.
  7534 | D:6      | Found a bloodstained altar of Trog.
  7553 | D:6      | Reached XP level 8. HP: 53/56 MP: 0/0
  7578 | D:6      | Reached skill level 6 in Spellcasting
  8150 | D:6      | Reached skill level 7 in Spellcasting
  8847 | D:6      | Reached XP level 9. HP: 41/61 MP: 0/0
  8847 | D:6      | Learned a level 3 spell: Ignite Poison
  9364 | D:6      | Killed Menkaure
  9541 | D:7      | Found a broken altar of Ashenzari.
  9655 | D:7      | Reached * piety under Makhleb
  9684 | D:7      | Noticed a two-headed ogre
  9720 | D:7      | Killed a two-headed ogre
  9721 | D:7      | Reached skill level 5 in Dodging
  9721 | D:7      | Reached skill level 8 in Spellcasting
  9957 | D:7      | Noticed a hornet
 10072 | D:7      | Killed a hornet
 10426 | D:7      | Reached skill level 9 in Spellcasting
 10431 | D:7      | HP: 2/63 [centaur/arrow (15)]
 10434 | D:7      | Shot with an arrow by a centaur

Illustrated notes

Levels and vault maps discovered:
D:1:      lemuel_arrival_river_bridge, layout_basic, basic_ecumenical_altar
D:2:      layout_basic, minmay_hedge_maze
D:3:      layout_rooms, lemuel_zombie_altar_yredelemnul, lemuel_doored_altar,
          kennysheep_big_empty_room
D:4:      layout_basic, nicolae_ru_great_annihilating_truth, uniq_robin
D:5:      wander_river, layout_basic, lemuel_round_altar, uniq_ijyb
D:6:      layout_cave_pools, lemuel_mausoleum_altar_kikubaaqudgha,
          grunt_temple_overflow_open, vehumet_statue, temple_pool_b,
          uniq_menkaure, uniq_blork_the_orc
D:7:      layout_rooms, okawaru_gym_becter, nicolae_overflow_hidden_temple,
          grunt_decor_mini_mirrors
Temple:   nicolae_temple_no_exploring_needed

Skill      XL: |  1  2  3  4  5  6  7  8  9 |
---------------+----------------------------+-----
Spellcasting   | 3 4 5 7 9 |  9.0
Fighting       | 1 2 3 4 |  4.3
Dodging        | 3 4 5 |  5.1
Staves         | |  0.1
Stealth        | |  1.6

Action                   |  1- 3 |  4- 6 |  7- 9 || total
-------------------------+-------+-------+-------++-------
Melee: Unarmed           |     6 |       |     1 ||     7
       Staff             |       |       |     1 ||     1
 Cast: Foxfire           |    69 |    95 |   130 ||   294
       Sandblast         |       |    15 |    27 ||    42
       Inner Flame       |       |     2 |       ||     2
       Conjure Flame     |       |     1 |     2 ||     3
       Sticky Flame      |       |       |     8 ||     8
       Poisonous Vapours |       |       |     4 ||     4
       Fireball          |       |       |     1 ||     1
       Corpse Rot        |       |       |     1 ||     1
  Use: Potion            |       |     1 |     4 ||     5
       Scroll            |       |       |     9 ||     9
Armor: Robe              |     7 |    10 |    10 ||    27
Dodge: Dodged            |    15 |    53 |    79 ||   147

Table legend: (Time is in decaauts)
 A = Elapsed time spent in this place.
 B = Non-inter-level travel time spent in this place.
 C = Inter-level travel time spent in this place.
 D = Time resting spent in this place.
 E = Time spent auto-exploring this place.
 F = Levels seen in this place.
 G = Mean time per level.
                   A        B        C        D        E       F      G
               +--------+--------+--------+--------+--------+-----+--------+
         Total |  10439 |  10004 |    435 |   3617 |   4757 |   8 | 1304.9 |
       Dungeon |  10268 |   9833 |    435 |   3469 |   4757 |   7 | 1466.9 |
        Temple |    170 |    170 |      0 |    148 |      0 |   1 |  170.0 |
               +--------+--------+--------+--------+--------+-----+--------+

Top non-repeatable levels by time:
     D:6: 2274 daAuts
     D:5: 1795 daAuts
     D:2: 1705 daAuts
     D:4: 1195 daAuts
     D:3: 1179 daAuts
     D:1: 1139 daAuts
     D:7: 978 daAuts
  Temple: 170 daAuts
